 Dungeon Crawl Stone Soup version 0.22-a0-417-g1387785 (webtiles) character file.

44 galech the Grave Robber (level 3, 0/28 HPs)
             Began as a Gnoll Wanderer on May 14, 2018.
             Slain by an adder (4 damage)
             ... on level 2 of the Dungeon.
             The game lasted 00:02:11 (1464 turns).

galech the Grave Robber (Gnoll Wanderer)            Turns: 1464, Time: 00:02:11

Health: 0/28       AC:  5    Str: 16    XL:     3   Next: 62%
Magic:  7/7        EV: 10    Int: 12    God:
Gold:   128        SH:  0    Dex: 15    Spells: 7/7 levels left

rFire    . . .     SeeInvis .   g - +0 mace
rCold    . . .     Gourm    .   (no shield)
rNeg     . . .     Faith    .   i - +0 ring mail
rPois    .         Spirit   .   (no helmet)
rElec    .         Reflect  .   (no cloak)
rCorr    .         Harm     .   (no gloves)
MR       .....                  (no boots)
Stlth    +.........             (no amulet)
HPRegen  0.09/turn              (no ring)
MPRegen  0.10/turn              (no ring)

@: lethally poisoned (0 -> -5)
A: distributed training, fangs 1, strong nose
a: no special abilities


You were on level 2 of the Dungeon.
You were hungry.

You visited 1 branch of the dungeon, and saw 2 of its levels.

You collected 128 gold pieces.

Inventory:

Hand Weapons
 b - a +0 shortbow
 g - a +0 mace (weapon)
Missiles
 c - 19 arrows
Armour
 e - a +0 robe
 i - a +0 ring mail (worn)
Scrolls
 m - 2 scrolls of amnesia {unknown}
Potions
 a - a potion of agility {unknown}
 d - a potion of heal wounds {unknown}
 h - a potion of resistance {unknown}
 j - a potion of curing
 k - a potion of brilliance {unknown}
 l - a potion of invisibility {unknown}
Comestibles
 f - a ration


   Skills:
 + Level 2.6 Fighting
 + Level 0.8 Short Blades
 + Level 0.8 Long Blades
 + Level 2.6 Axes
 + Level 0.8 Maces & Flails
 + Level 0.8 Polearms
 + Level 0.8 Staves
 + Level 0.8 Slings
 + Level 0.8 Bows
 + Level 0.8 Crossbows
 + Level 0.8 Throwing
 + Level 2.6 Armour
 + Level 0.8 Dodging
 + Level 2.4 Stealth
 + Level 2.6 Shields
 + Level 0.8 Unarmed Combat
 + Level 2.8 Spellcasting
 + Level 0.5 Conjurations
 + Level 0.5 Hexes
 + Level 0.5 Charms
 + Level 0.5 Summonings
 + Level 5.4 Necromancy
 + Level 0.5 Translocations
 + Level 0.5 Transmutations
 + Level 0.5 Fire Magic
 + Level 0.5 Ice Magic
 + Level 0.5 Air Magic
 + Level 0.5 Earth Magic
 + Level 2.1 Poison Magic
 + Level 1.0 Invocations
 + Level 0.8 Evocations


You had 7 spell levels left.
You didn't know any spells.
Your spell library contained the following spells:

 Spells                   Type           Power        Failure   Level  Hunger
 Mephitic Cloud           Conj/Pois/Air  #.......     65%         3    ###....
 Venom Bolt               Conj/Pois      #.........   100%        5    ######.
 Olgreb's Toxic Radiance  Pois           #.......     88%         4    #####..
 Sting                    Conj/Pois      #...         26%         1    #......
 Sublimation of Blood     Necr           ##........   8%          2    ###....
 Corpse Rot               Necr           N/A          8%          2    ###....
 Poisonous Vapours        Pois/Air       #.....       38%         2    ###....


Dungeon Overview and Level Annotations

Branches:
Dungeon (2/15)

Altars:
Makhleb


Innate Abilities, Weirdness & Mutations

Your experience applies equally to all skills.
You have very sharp teeth.
Your uncanny sense of smell can sniff out nearby items.


Message History

It was a potion of curing.
You feel better. The jackal bites you. The adder bites you.
You are poisoned.
The adder poisons you!
You feel sick.
The jackal bites you but does no damage.
The jackal bites you.
The jackal bites you but does no damage.
The adder bites you.
* * * LOW HITPOINT WARNING * * *
You are lethally poisoned!
The adder poisons you!
* * * LOW HITPOINT WARNING * * *
You feel sick.
* * * LOW HITPOINT WARNING * * *
You feel sick. The adder completely misses you. The adder barely misses you.
* * * LOW HITPOINT WARNING * * *
You feel sick. The adder bites you.
You die...

..............#..#..#.#
##>............#..#....#
#..###............#....#
#).###.#...#...#.#.....#
.......................#
##.###.#.#....<#.#.###.#
.................#.##..#
##.###.#.....#####.##..# #.
#.#.#.#....@Sg.#..# ..
..#.#.....###..#..# ...
...#.#.##..#.#..#..#.####
..(....#.#....................
.....###.#####.#.##h####.#####
..... #_# #.....h.....#
......#h###### ##.#..#)#####
......(?....#


You could see an adder and a goblin.

Vanquished Creatures
  2 worms (D:2)
  3 dart slugs (D:1)
  A leopard gecko (D:1)
  5 bats
  2 giant cockroaches (D:1)
  5 goblins
  2 hobgoblins
  2 quokkas (D:2)
  A frilled lizard (D:1)
  4 kobolds
  2 rats
29 creatures vanquished.

Notes
Turn   | Place    | Note
-------+----------+-------------------------------------------
     0 | D:1      | galech the Gnoll Wanderer began the quest for the Orb.
     0 | D:1      | galech set off with: a +0 shortbow, 19 arrows, a +0 robe, a ration
     0 | D:1      | Reached XP level 1. HP: 17/17 MP: 4/4
     2 | D:1      | Noticed a merfolk
     4 | D:1      | Noticed a dwarf
     4 | D:1      | Noticed a gargoyle
     6 | D:1      | Noticed a halfling
     6 | D:1      | Noticed a troll
     8 | D:1      | Noticed a centaur
     8 | D:1      | Noticed a formicid
    10 | D:1      | Noticed a spriggan
    10 | D:1      | Noticed a demonspawn
    12 | D:1      | Noticed a vine stalker
    15 | D:1      | Noticed an elf
    15 | D:1      | Noticed a felid
    17 | D:1      | Noticed a ghoul
    17 | D:1      | Noticed an octopode
    19 | D:1      | Noticed a human
    19 | D:1      | Noticed a draconian
    21 | D:1      | Noticed a naga
    23 | D:1      | Noticed a tengu
    23 | D:1      | Noticed a minotaur
    25 | D:1      | Noticed a demigod
    27 | D:1      | Noticed a vampire
    27 | D:1      | Noticed an ogre
   238 | D:1      | Reached XP level 2. HP: 23/23 MP: 5/5
   621 | D:1      | Reached XP level 3. HP: 28/28 MP: 7/7
  1400 | D:2      | Reached skill level 1 in Invocations
  1401 | D:2      | Found a burning altar of Makhleb.
  1464 | D:2      | Slain by an adder

Vault maps used:
D:1:      kb_arrival_jail
D:2:      grunt_temple_overflow_open, makhleb_altar_promises_db, uniq_sigmund,
          uniq_jessica

Skill      XL: |  1  2  3 |
---------------+----------+-----
Poison Magic   | 2 |  2.1
Invocations    | 1 |  1.0
Fighting       | |  2.6
Short Blades   | |  0.8
Long Blades    | |  0.8
Axes           | |  2.6
Maces & Flails | |  0.8
Polearms       | |  0.8
Staves         | |  0.8
Slings         | |  0.8
Bows           | |  0.8
Crossbows      | |  0.8
Throwing       | |  0.8
Armour         | |  2.6
Dodging        | |  0.8
Stealth        | |  2.4
Shields        | |  2.6
Unarmed Combat | |  0.8
Spellcasting   | |  2.8
Conjurations   | |  0.5
Hexes          | |  0.5
Charms         | |  0.5
Summonings     | |  0.5
Necromancy     | |  5.4
Translocations | |  0.5
Transmutations | |  0.5
Fire Magic     | |  0.5
Ice Magic      | |  0.5
Air Magic      | |  0.5
Earth Magic    | |  0.5
Evocations     | |  0.8

Action                   || total
-------------------------++-------
Melee: Mace              ||    73
       Bite              ||     6
 Fire: Shortbow          ||    13
  Use: Potion            ||     1
 Stab: Sleeping          ||     4
  Eat: Chunk             ||     1
Armor: Robe              ||    11
       Ring mail         ||    21
Dodge: Dodged            ||    36

Table legend:
 A = Spawn XP
 B = Non-spawn XP
 C = Spawn XP percentage of total XP
 D = Spawn monster count
 E = Non-spawn monster count
 F = Spawn count percentage of total count
 G = Total turns spent on level
                    A         B        C        D         E        F      G
               +---------+---------+-------+---------+---------+-------+---------
         Total |       0 |      64 |   0.0 |       0 |      29 |   0.0 |  1464
               +---------+---------+-------+---------+---------+-------+---------
           D:1 |       0 |      42 |   0.0 |       0 |      20 |   0.0 |  1158
           D:2 |       0 |      22 |   0.0 |       0 |       9 |   0.0 |   306
               +---------+---------+-------+---------+---------+-------+---------
